 Dungeon Crawl Stone Soup version 0.12-a0-2515-g840a04f (console) character file.

5968 Gottschalk the Thaumaturge (level 10, 0/44 HPs)
             Began as a Spriggan Venom Mage on Mar 4, 2013.
             Was a Priest of Zin.
             Killed from afar by a fiery laboratory rat (7 damage)
             ... with a blast of flame
             ... on Level 11 of the Dungeon.
             The game lasted 01:17:27 (16317 turns).

Gottschalk the Thaumaturge (Spriggan Venom Mage)   Turns: 16317, Time: 01:17:27

HP   0/44        AC 10     Str  5      XL: 10   Next: 42%
MP   1/32        EV 18     Int 19      God: Zin [***...]
Gold 483         SH  0     Dex 17      Spells:  9 memorised,  8 levels left

Res.Fire  : . . .   See Invis. : +   w - +2,+1 short sword (protect)
Res.Cold  : . . .   Warding    : .   a - +0 robe
Life Prot.: . . .   Conserve   : .   (shield restricted)
Res.Poison: .       Res.Corr.  : .   (helmet restricted)
Res.Elec. : .       Clarity    : .   f - +2 cloak
Sust.Abil.: . .     Spirit.Shd : .   (gloves unavailable)
Res.Mut.  : .       Stasis     : .   (boots unavailable)
Res.Rott. : .       Ctrl.Telep.: .   (no amulet)
Saprovore : . . .   Flight     : .   (no ring)
                                     (no ring)

@: short of breath, very quick, quite resistant to hostile enchantments, quite
stealthy
A: unfitting armour, see invisible, herbivore 3, speed 3, slow metabolism 2
a: Recite, Vitalisation, Imprison, Renounce Religion


You were on level 11 of the Dungeon.
You worshipped Zin.
Zin was greatly pleased with you.
You were not hungry.

You visited 2 branches of the dungeon, and saw 12 of its levels.
You also visited: Sewer.

You collected 516 gold pieces.
You donated 53 gold pieces.

Inventory:

Hand weapons
 k - the +7,+10 spear of Plunder {freeze, rF++ rN+ Int+1}
   (You found it on level 9 of the Dungeon)

   It has been specially enchanted to freeze those struck by it, causing extra
   injury to most foes and up to double damage against particularly susceptible
   opponents.
   It can also slow down cold-blooded creatures.
   It affects your intelligence (+1).
   It greatly protects you from fire.
   It protects you from negative energy.
 w - a +2,+1 short sword of protection (weapon)
 z - a +4,+2 dagger of venom
 A - a +2 blowgun
 G - the +6,+2 short sword of Ravage {holy, Str-4 Stlth++}
   (You found it on level 9 of the Dungeon)

   It has been blessed by the Shining One to cause great damage to the undead
   and demons.
   It affects your strength (-4).
   It makes you much more stealthy.
 J - a +2,+3 trident of freezing
Missiles
 e - 23 darts (quivered)
Armour
 a - a +0 robe (worn)
 f - a +2 cloak (worn)
Magical devices
 c - a wand of disintegration (17)
 x - a wand of enslavement (4)
 D - a wand of magic darts (14)
Comestibles
 j - 13 strawberries
Scrolls
 b - 3 scrolls of remove curse
 g - 6 scrolls of teleportation
 l - 2 scrolls of fog
 m - a scroll of immolation
 n - 2 scrolls of magic mapping
 t - 2 scrolls of fear
 v - a scroll of enchant armour {unknown}
 y - 2 scrolls of enchant weapon I {unknown}
Potions
 d - 3 potions of heal wounds
 h - 2 potions of curing
 o - a potion of speed
 q - 3 potions of agility
 B - a potion of might {unknown}
 C - a potion of gain dexterity {unknown}
Books
 p - a book of Power

   Spells                             Type                      Level
   Iskenderun's Mystic Blast          Conjuration                  4
   *Venom Bolt                        Conjuration/Poison           5
   Bolt of Magma                      Conjuration/Fire/Earth       5
   Poisonous Cloud                    Conjuration/Poison/Air       6
   Iron Shot                          Conjuration/Earth            6
   Orb of Destruction                 Conjuration                  7
Magical staves
 s - an uncursed staff of fire
Miscellaneous
 i - a plain deck of war {Flight}


   Skills:
 + Level 0.1 Fighting
 + Level 0.9 Short Blades
 + Level 3.3 Dodging
 + Level 4.1 Stealth
 + Level 4.8 Stabbing
 + Level 2.1 Traps
 + Level 13.0 Spellcasting
 + Level 2.8 Conjurations
 + Level 0.4 Charms
 + Level 1.0 Summonings
 + Level 2.1 Air Magic
 + Level 7.1 Poison Magic
 + Level 4.0 Invocations
 + Level 1.3 Evocations


You had 8 spell levels left.
You knew the following spells:

 Your Spells              Type           Power        Failure   Level  Hunger
a - Sting                 Conj/Pois      #####        1%          1    None
b - Cure Poison           Pois           ######....   1%          2    None
c - Mephitic Cloud        Conj/Pois/Air  #####....    3%          3    None
d - Olgreb's Toxic Radia  Pois           ######...    3%          4    #......
e - Venom Bolt            Conj/Pois      #####.....   21%         5    ###....
f - Repel Missiles        Chrm/Air       ####......   6%          2    None
g - Flight                Chrm/Air       ####......   12%         3    None
h - Poison Weapon         Chrm/Pois      #####.....   3%          3    None
i - Summon Scorpions      Summ/Pois      #####.....   12%         4    #......


Dungeon Overview and Level Annotations

Branches:
Dungeon (11/27)            Temple (1/1) D:5             Orc (0/4) D:9
   Lair: D:8-13

Altars:
Ashenzari
Cheibriados
Elyvilon
Fedhas
Kikubaaqudgha
Makhleb
Nemelex Xobeh
Okawaru
Sif Muna
Trog
Vehumet
Xom
Yredelemnul
Zin
the Shining One

Annotations
D:1 scroll water
D:6 Menkaure
D:7 Joseph
D:9 stash food, exclusion: hungry ghost
D:11 Voker57's ghost, powerful HOPr


Innate Abilities, Weirdness & Mutations

You are tiny and cannot use many weapons and most armour.
You have supernaturally acute eyesight.
You are a herbivore.
You cover ground extremely quickly.
You need consume almost no food.


Message History

Your scorpion barely misses the armoured laboratory rat.
Your scorpion stings Voker57's ghost but does no damage.
Voker57's ghost hits you!
You hit Voker57's ghost but do no damage.
Voker57's ghost is lightly damaged.
Your scorpion stings Voker57's ghost but does no damage.
The armoured laboratory rat barely misses your scorpion.
Your scorpion stings Voker57's ghost.
Your scorpion stings the armoured laboratory rat but does no damage.
Your scorpion stings Voker57's ghost but does no damage.
Voker57's ghost mumbles, "They all look like pillowcases to me..."
Voker57's ghost hits you!
Your scorpion barely misses Voker57's ghost.
Your scorpion stings Voker57's ghost but does no damage.
Voker57's ghost hits you!
* * * LOW HITPOINT WARNING * * *
Your scorpion stings Voker57's ghost.
The fiery laboratory rat breathes fire at you.
The blast of flame hits you!
You die...

#........>#
#.........# #
#.........#
##.#.s.......#
#......<....(#
##.#.........###
#...%.....#.##
#....).......#
#..s..s@..#.##
#[rss.p.%.#
##########s.s..#
#.).#....#.....##
#}?[r....#.r....#
#).$#...%#.....##
##r##....#.....##
#rr.#.r%)#......#
#rrr#...ยง#%....##


You could see 2 laboratory rats, Voker57's ghost and friendly 7 scorpions.

Vanquished Creatures
  A wizard (D:11)
  Maurice (D:9)
  2 manticores (D:9)
  4 orc warriors
  3 ice beasts
  5 sky beasts
  3 centaurs
  4 laboratory rats (D:11)
  6 ogres
  Duvessa (D:6)
  4 giant frogs
  2 eyes of draining (D:7)
  8 killer bees
  2 wights (D:10)
  6 hounds
  Dowan (D:6)
  6 crimson imps
  3 orc priests
  2 big fish (Sewer)
  A hound zombie (D:5)
  3 worker ants
  2 scorpions
  A hound skeleton (D:4)
  An iguana (D:8)
  8 orc wizards
  Ijyb (D:7)
  14 adders
  A giant centipede zombie (D:8)
  An adder skeleton (D:4)
  An adder zombie (D:6)
  An iguana zombie (D:8)
  4 giant mites
  9 worms
  2 grey rats (D:3)
  A bat zombie (D:6)
  4 giant geckos
  2 oozes
  36 orcs
  16 hobgoblins
  11 jackals
  21 kobolds
  4 quokkas
  13 bats
  5 giant cockroaches
  A giant gecko skeleton (D:6)
  8 giant newts
  2 giant spores (D:10)
  14 goblins
  18 rats
  A rat skeleton (D:7)
  A rat zombie (D:9)
  2 ballistomycetes (D:10)
  3 plants (Sewer)
277 creatures vanquished.

Vanquished Creatures (collateral kills)
  A laboratory rat (D:11)
  2 wights (D:10)
  A crimson imp (D:10)
  A shadow (D:10)
  A rat (D:10)
6 creatures vanquished.

Vanquished Creatures (others)
  A worker ant zombie (D:6)
  5 scorpions
6 creatures vanquished.

Grand Total: 289 creatures vanquished

Notes
Turn   | Place    | Note
--------------------------------------------------------------
     0 | D:1      | Gottschalk, the Spriggan Venom Mage, began the quest for the Orb.
     0 | D:1      | Reached XP level 1. HP: 9/9 MP: 4/4
   373 | D:1      | Reached XP level 2. HP: 13/13 MP: 7/7
   495 | D:1      | Learned a level 2 spell: Cure Poison
  1461 | D:2      | Reached XP level 3. HP: 16/16 MP: 1/10
  1493 | D:2      | Learned a level 3 spell: Mephitic Cloud
  1971 | D:2      | Found a shimmering altar of Xom.
  2466 | D:2      | Found a deep blue altar of Sif Muna.
  2789 | D:3      | Reached XP level 4. HP: 19/21 MP: 11/14
  2795 | D:3      | Learned a level 4 spell: Olgreb's Toxic Radiance
  2880 | D:3      | Reached skill level 5 in Spellcasting
  3244 | D:3      | Reached XP level 5. HP: 24/24 MP: 16/18
  3313 | D:3      | Reached skill level 6 in Spellcasting
  3710 | D:3      | Found a glowing drain.
  3913 | Sewer    | Entered a sewer
  3944 | Sewer    | Reached skill level 7 in Spellcasting
  4078 | Sewer    | Reached XP level 6. HP: 19/28 MP: 14/22
  5163 | D:4      | Learned a level 5 spell: Venom Bolt
  5198 | D:4      | Reached skill level 8 in Spellcasting
  5927 | D:4      | Reached skill level 9 in Spellcasting
  5927 | D:4      | Reached XP level 7. HP: 25/32 MP: 21/25
  6218 | D:5      | Entered Level 5 of the Dungeon
  6338 | D:5      | Found a staircase to the Ecumenical Temple.
  6347 | Temple   | Entered the Ecumenical Temple
  6433 | Temple   | Became a worshipper of Elyvilon the Healer
  6621 | D:5      | Found a basalt altar of Yredelemnul.
  7180 | D:5      | Reached skill level 1 in Stabbing
  7333 | D:5      | Found a blossoming altar of Fedhas.
  8088 | D:6      | Found an iron altar of Okawaru.
  8254 | D:6      | Noticed Menkaure
  8316 | D:6      | Learned a level 2 spell: Repel Missiles
  8320 | D:6      | Learned a level 3 spell: Flight
  8373 | D:6      | Lost strength.
  8406 | D:6      | Found a sparkling altar of Nemelex Xobeh.
  8423 | D:6      | Found a blossoming altar of Fedhas.
  8949 | D:6      | Reached XP level 8. HP: 36/36 MP: 27/27
  8967 | D:7      | Noticed Duvessa
  8967 | D:7      | Noticed Dowan
  8981 | D:6      | Killed Dowan
  8981 | D:6      | Reached skill level 10 in Spellcasting
  8994 | D:6      | Killed Duvessa
  8994 | D:6      | Reached skill level 1 in Traps
  9252 | D:6      | Acquired Elyvilon's first power
  9369 | D:7      | Noticed Ijyb
  9404 | D:7      | Reached skill level 1 in Conjurations
  9442 | D:7      | Found a glowing silver altar of Zin.
  9590 | D:7      | Killed Ijyb
  9803 | D:7      | Fell from the grace of Elyvilon
  9803 | D:7      | Became a worshipper of Zin the Law-Giver
  9803 | D:7      | Acquired Zin's first power
  9887 | D:7      | Learned a level 3 spell: Poison Weapon
  9896 | D:7      | Noticed Joseph
 10475 | D:7      | Zin protects you from harm!
 10744 | D:7      | Learned a level 4 spell: Summon Scorpions
 11114 | D:8      | Reached skill level 1 in Air Magic
 11114 | D:8      | Reached skill level 1 in Invocations
 11251 | D:8      | Found a shimmering altar of Xom.
 11252 | D:8      | Found a shimmering altar of Xom.
 11252 | D:8      | Found a shimmering altar of Xom.
 11291 | D:8      | Reached skill level 11 in Spellcasting
 11291 | D:8      | Reached skill level 5 in Poison Magic
 11610 | D:7      | Reached XP level 9. HP: 27/39 MP: 11/29
 11969 | D:8      | Found a shimmering altar of Xom.
 11984 | D:8      | Found a shimmering altar of Xom.
 13259 | D:9      | Found a staircase to the Orcish Mines.
 13338 | D:9      | Got a shimmering short sword
 13339 | D:9      | Identified the short sword of Ravage {holy, Str-4 Stlth++} (You found it on level 9 of the Dungeon)
 13367 | D:9      | Acquired Zin's second power
 13486 | D:9      | Found a bloodstained altar of Trog.
 13519 | D:9      | Found a glowing golden altar of the Shining One.
 13756 | D:9      | Noticed Maurice
 13785 | D:9      | Killed Maurice
 13785 | D:9      | Reached skill level 12 in Spellcasting
 13880 | D:9      | Got a slimy spear
 13881 | D:9      | Identified the spear of Plunder {freeze, rF++ rN+ Int+1} (You found it on level 9 of the Dungeon)
 14083 | D:10     | Entered Level 10 of the Dungeon
 15115 | D:10     | Noticed an unseen horror
 15265 | D:10     | Reached XP level 10. HP: 33/44 MP: 31/31
 15620 | D:9      | Reached skill level 1 in Summonings
 15731 | D:11     | Noticed Voker57's ghost (powerful HOPr)
 15749 | D:10     | Reached skill level 1 in Evocations
 16043 | D:11     | Noticed a mad wizard
 16086 | D:11     | Killed a mad wizard
 16115 | D:11     | Acquired Zin's third power
 16309 | D:11     | Reached skill level 13 in Spellcasting
 16317 | D:11     | Killed from afar by a fiery laboratory rat

Action                   |  1- 3 |  4- 6 |  7- 9 | 10-12 || total
-------------------------+-------+-------+-------+-------++-------
Melee: Unarmed           |     8 |     1 |       |       ||     9
       Dagger            |    51 |   285 |   376 |    21 ||   733
       Trident           |       |       |    29 |       ||    29
       Staff             |       |       |    12 |       ||    12
       Short sword       |       |       |    10 |    19 ||    29
Throw: Dart              |     8 |       |     4 |       ||    12
 Cast: Sting             |    71 |   151 |   202 |    18 ||   442
       Cure Poison       |     1 |     1 |     6 |     4 ||    12
       Mephitic Cloud    |       |     2 |    31 |    13 ||    46
       Olgreb's Toxic Ra |       |       |    11 |    11 ||    22
       Repel Missiles    |       |       |     6 |     2 ||     8
       Summon Scorpions  |       |       |     7 |     5 ||    12
Invok: Recite            |       |       |    16 |     2 ||    18
Evoke: Wand              |       |     2 |    14 |     2 ||    18
  Use: Scroll            |       |     8 |    17 |     1 ||    26
       Potion            |       |       |     8 |     2 ||    10
